Map: Lerilak Crest

Players

Snovski

  • Race: Protoss Protoss
  • League: Master

AiLillekanin (Lillekanin) - Winner!

  • Race: Terran Terran
  • League: Master

Event: DreamHack ZOWIE Open Leipzig

VOD

Have the link to the VOD?

Description

Time

  • Played on: Jan. 22, 2016, 7:50 a.m.
  • Length: 7:12

All games in this series

Show
View Real Time Build Order
Export as new Build Order

Snovski Protoss 

Build Orders: 1 Gate Expand 

Get SALT Encoding   

  12  0:01  Probe (Chrono Boost)  
  13  0:11  Probe (Chrono Boost)  
  14  0:17  Pylon  
  14  0:22  Probe (Chrono Boost)  
  15  0:36  Probe (Chrono Boost)  
  15  0:37  Gateway  
  16  0:46  Probe (Chrono Boost)  
  18  0:57  Probe (Chrono Boost)  
  18  1:11  Nexus  
  18  1:15  Probe (Chrono Boost)  
  19  1:19  Assimilator  
  19  1:25  Assimilator  
  19  1:27  Probe (Chrono Boost)  
  20  1:39  Cybernetics Core  
  20  1:40  Probe (Chrono Boost)  
  21  1:48  Pylon  
  21  1:52  Probe (Chrono Boost)  
  22  2:02  Probe (Chrono Boost)  
  25  2:15  Mothership Core (Chrono Boost), Adept (Chrono Boost)  
  25  2:18  Warp Gate  
  25  2:22  Probe (Chrono Boost)  
  28  2:32  Probe  
  28  2:34  Probe  
  30  2:42  Probe  
  30  2:43  Robotics Facility  
  31  2:46  Probe  
  31  2:48  Adept (Chrono Boost)  
  34  2:53  Probe  
  35  2:59  Probe  
  35  3:03  Pylon  
  35  3:04  Probe  
  36  3:12  Probe  
  38  3:15  Probe  
  39  3:25  Probe  
  40  3:30  Adept (Chrono Boost)  
  40  3:31  Observer (Chrono Boost)  
  43  3:35  Gateway  
  43  3:37  Gateway  
  43  3:41  Probe  
  43  3:42  Probe  
  43  3:46  Gateway  
  36  4:03  Probe, Warp Prism (Chrono Boost)  
  36  4:05  Probe  
  37  4:20  Probe  
  37  4:21  Probe  
  38  4:30  Probe  
  38  4:32  Adept  
  38  4:33  Probe  
  42  4:41  Probe  
  41  4:48  Probe  
  42  5:00  Stalker x4  
  42  5:05  Probe  
  51  5:27  Adept  
  53  5:30  Pylon  
  53  5:35  Pylon  
  53  5:42  Stalker, Probe  
  52  5:47  Probe  
  47  5:50  Stalker x2  
  47  5:55  Probe  
  50  5:58  Probe  
  48  6:07  Probe  
  48  6:08  Probe  
  48  6:09  Adept  
  40  6:39  Probe  
  36  6:41  Probe  
  36  6:46  Stalker x2  
  42  6:48  Zealot  
  42  6:51  Probe  
  45  6:54  Probe  
  48  7:09  Adept x2  
Show
View Real Time Build Order
Export as new Build Order

AiLillekanin Terran - Winner!

Build Orders: 1/1/1, Liberator Opening 

Get SALT Encoding   

  12  0:00  SCV  
  13  0:12  SCV  
  14  0:18  Supply Depot  
  14  0:24  SCV  
  15  0:28  Refinery  
  15  0:39  SCV  
  16  0:45  Barracks  
  16  0:52  SCV  
  17  1:04  SCV  
  18  1:16  SCV  
  20  1:33  Factory  
  20  1:36  Orbital Command  
  19  1:41  Refinery  
  19  1:47  Supply Depot  
  19  1:48  Barracks Reactor  
  19  2:02  SCV  
  20  2:14  SCV  
  21  2:16  Supply Depot  
  21  2:19  Starport  
  21  2:29  Hellion x2  
  25  2:30  SCV  
  25  2:33  Barracks Tech Lab  
  26  2:42  SCV  
  27  2:51  Hellion x2  
  31  2:56  Supply Depot  
  31  3:00  Medivac  
  31  3:02  SCV  
  34  3:19  Barracks, Liberator  
  34  3:22  Cyclone  
  37  3:28  Marine  
  38  3:40  Marine  
  42  3:48  Engineering Bay, Marine  
  43  4:02  Marine  
  44  4:04  Cyclone  
  47  4:10  Marine  
  46  4:22  Supply Depot  
  46  4:23  Missile Turret  
  47  4:24  Barracks Tech Lab  
  47  4:27  Liberator  
  47  4:29  Marine  
  47  4:40  Marine  
  47  4:42  Marine  
  50  4:47  Marine  
  51  4:54  Stimpack  
  51  4:58  Marine  
  50  5:02  Marine  
  51  5:12  Marine  
  51  5:13  Supply Depot  
  52  5:17  Siege Tank  
  55  5:34  Marine x3  
  58  5:38  Supply Depot  
  58  5:52  Marine x3  
  61  6:00  Siege Tank, Liberator  
  64  6:10  Marine x2  
  64  6:11  Reaper  
  66  6:27  Marine x2  
  67  6:42  Marine  
  67  6:45  Marine x2  
  70  6:51  Supply Depot  
  70  7:07  Missile Turret  

Tags
 
Add a new tag
Caveats
  • Supply blocks, unpowered buildings, or Contaminate may cause inaccurate times.
  • Supply counts are checked every 10 seconds.